 Dungeon Crawl Stone Soup version 0.27.1-33-g824d729ab1 (webtiles) character file.

Game seed: 5029380057967659077

27 zeram the Sneak (level 2, -3/14 HPs)
             Began as a Spriggan Brigand on Dec 21, 2021.
             Slain by a worm (9 damage)
             ... on level 2 of the Dungeon.
             The game lasted 00:01:20 (1045 turns).

zeram the Sneak (Spriggan Brigand)                  Turns: 1045, Time: 00:01:21

Health: -3/14      AC:  3    Str:  7    XL:     2   Next: 93%
Magic:  3/3        EV: 16    Int: 12    God:
Gold:   59         SH:  0    Dex: 16    Spells: 1/1 levels left

rFire    . . .     SeeInvis +   h - +2 dagger (venom)
rCold    . . .     Faith    .   (shield restricted)
rNeg     . . .     Spirit   .   b - +0 robe
rPois    .         Reflect  .   (helmet restricted)
rElec    .         Harm     .   c - +0 cloak
rCorr    .         Rampage  .   (gloves unavailable)
Will     .....                  (boots unavailable)
Stlth    ++++......             (no amulet)
HPRegen  0.04/turn              (no ring)
MPRegen  0.08/turn              (no ring)

@: very quick
A: very small, no large weapons, unfitting armour, see invisible, speed 3
a: no special abilities


You were on level 2 of the Dungeon.
You visited 1 branch of the dungeon, and saw 2 of its levels.

You collected 59 gold pieces.

Inventory:

Hand Weapons
 a - a +2 dagger
 h - a +2 dagger of venom (weapon)
Missiles
 d - 8 poisoned darts (quivered)
 e - 2 curare-tipped darts
Armour
 b - a +0 robe (worn)
 c - a +0 cloak (worn)
Potions
 f - a potion of heal wounds {unknown}
 i - a potion of cancellation
 j - 3 potions of curing {unknown}


   Skills:
 - Level 1.5 Fighting
 + Level 2.6 Short Blades
 - Level 2.0 Throwing
 + Level 1.5 Dodging
 + Level 7.1 Stealth


You had one spell level left.
You didn't know any spells.
Your spell library was empty.

Dungeon Overview and Level Annotations

Branches:
Dungeon (2/15)

Altars:


Innate Abilities, Weirdness & Mutations

You are very small and have problems with some larger weapons.
You are too small for most types of armour.
You have supernaturally acute eyesight. (SInv)
You cover ground extremely quickly. (Speed+++)


Message History

Found 25 stones.
Found a stone staircase leading up.
A quokka comes into view.
A quokka is nearby!
A quokka is nearby!
Found a sapphire potion and 8 stones.
The helpless quokka fails to defend itself.
You impale the quokka!!
You kill the quokka!
No target in view!
f - a sapphire potion
Found a grey potion.
j - 3 grey potions (gained 1)
A worm comes into view.
Found 30 stones.
A worm is nearby!
A worm is nearby!
A worm is nearby!
A worm comes into view.
You hit the worm.
The worm is poisoned.
The worm is lightly wounded.
You hit the worm.
The worm looks as sick as possible!
The worm is heavily wounded.
The worm misses you.
You barely miss the worm.
The worm is severely wounded.
You barely miss the worm.
The worm is almost dead.
A hobgoblin comes into view.
The worm bites you!
Ouch! That really hurt!
You are too injured to fight recklessly!
You are too injured to fight recklessly!
The hobgoblin shouts!
You hit the worm.
The worm is moderately wounded.
You kill the worm!
The worm bites you!
Ouch! That really hurt!
You die...

.. ###...# # #.. #...###
# #.. ##...# ##
####..#####..#.# ##.
.............#.## #..
##.........#.....#####.#
g.........####...##.....
#....(................#
#....w@..#..........###
#........#..........##
#........#..........)#
#........#.........#...
#........# ..####.####.
#........# ## #..## .
########## ##.<###
##.... #####


You could see a worm and a hobgoblin.

Vanquished Creatures
  A worm (D:2)
  3 endoplasms (D:1)
  A giant cockroach (D:1)
  2 goblins (D:1)
  2 hobgoblins (D:1)
  4 jackals (D:1)
  A quokka (D:2)
  4 bats (D:1)
  A frilled lizard (D:1)
  3 kobolds
  3 rats (D:1)
25 creatures vanquished.

Notes
Turn   | Place    | Note
-------+----------+-------------------------------------------
     0 | D:1      | zeram the Spriggan Brigand began the quest for the Orb.
     0 | D:1      | Reached XP level 1. HP: 10/10 MP: 2/2
    19 | D:1      | Reached skill level 6 in Stealth
   277 | D:1      | Reached XP level 2. HP: 12/14 MP: 3/3
   554 | D:1      | Reached skill level 7 in Stealth
  1045 | D:2      | Slain by a worm

Illustrated notes

Levels and vault maps discovered:
D:1:      scummos_arrival_star, layout_basic, st_stairs_12
D:2:      layout_rooms, shapermc_ecumenical_altar_mp_urbaneastern,
          minmay_misc_feat_enclosed

Skill      XL: |  1  2 |
---------------+-------+-----
Stealth        | 6 7 |  7.1
Fighting       | |  1.5
Short Blades   | |  2.6
Throwing       | |  2.0
Dodging        | |  1.5

Action                   || total
-------------------------++-------
Melee: Dagger            ||   102
  Use: Scroll            ||     2
 Stab: Sleeping          ||     8
Armor: Robe              ||    19
Dodge: Dodged            ||    75
